 Dungeon Crawl Stone Soup version 0.27.0-1-g7a089689b8 (webtiles) character file.

Game seed: 2161389169289943245

6 Thatpatchoflichen the Ogre Mage (level 1, -1/19 HPs)
             Began as an Ogre Hedge Wizard on Aug 7, 2021.
             Slain by a hobgoblin (4 damage)
             ... on level 1 of the Dungeon.
             The game lasted 00:02:44 (425 turns).

Thatpatchoflichen the Ogre Mage (Ogre Hedge Wizard)  Turns: 425, Time: 00:02:46

Health: -1/19      AC:  3    Str: 13    XL:     1   Next: 90%
Magic:  2/5        EV: 10    Int: 15    God:
Gold:   0          SH:  0    Dex: 14    Spells: 6/7 levels left

rFire    . . .     SeeInvis .   a - +0 dagger
rCold    . . .     Faith    .   (no shield)
rNeg     . . .     Spirit   .   b - +0 robe
rPois    .         Reflect  .   c - +0 hat
rElec    .         Harm     .   (no cloak)
rCorr    .         Rampage  .   (gloves unavailable)
Will     .....                  (boots unavailable)
Stlth    ++........             (no amulet)
HPRegen  0.06/turn              d - +6 ring of dexterity
MPRegen  0.09/turn              (no ring)

@: no status effects
A: large, unfitting armour, tough skin 1
a: no special abilities


You were on level 1 of the Dungeon.
You visited 1 branch of the dungeon, and saw 1 of its levels.

Inventory:

Hand Weapons
 a - a +0 dagger (weapon)
 e - a +0 trident
Armour
 b - a +0 robe (worn)
 c - a +0 hat (worn)
Jewellery
 d - a +6 ring of dexterity (left hand)


   Skills:
 + Level 1.0 Fighting
 - Level 2.0 Dodging
 - Level 1.4 Stealth
 + Level 3.8 Spellcasting
 - Level 0.8 Conjurations
 - Level 0.8 Summonings
 - Level 0.8 Translocations


You had 6 spell levels left.
You knew the following spells:

 Your Spells              Type           Power      Damage    Failure   Level
a - Magic Dart            Conj           20%        1d4       13%         1

Your spell library contained the following spells:

 Spells                   Type           Power      Damage    Failure   Level
 Blink                    Tloc           N/A        N/A       21%         2
 Call Imp                 Summ           5%         N/A       21%         2
 Slow                     Hex            2%         N/A       28%         2
 Conjure Flame            Conj/Fire      4%         6-21      43%         3
 Mephitic Cloud           Conj/Pois/Air  3%         N/A       45%         3


Dungeon Overview and Level Annotations

Branches:
Dungeon (1/15)

Altars:


Innate Abilities, Weirdness & Mutations

You are too large for most types of armour.
You have tough skin. (AC +1)


Message History

You hit the hobgoblin but do no damage.
The hobgoblin is severely wounded.
The hobgoblin barely misses you.
You closely miss the hobgoblin.
The hobgoblin is severely wounded.
The hobgoblin hits you but does no damage.
You barely miss the hobgoblin.
The hobgoblin is severely wounded.
The hobgoblin closely misses you.
You hit the hobgoblin but do no damage.
The hobgoblin is severely wounded.
The hobgoblin hits you.
You barely miss the hobgoblin.
The hobgoblin is severely wounded.
The hobgoblin hits you.
Aiming: Magic Dart (safe; 13% risk of failure)
Press: ? - help, Q - select action Shift-Dir - straight line, f/p - hobgoblin
Aim: a hobgoblin, wearing a +0 ring mail (severely wounded, 100% to hit)
The magic dart hits the hobgoblin but does no damage.
The hobgoblin is severely wounded.
The hobgoblin barely misses you.
You hit the hobgoblin but do no damage.
The hobgoblin is severely wounded.
The hobgoblin hits you.
* * * LOW HITPOINT WARNING * * *
You hit the hobgoblin but do no damage.
The hobgoblin is severely wounded.
The hobgoblin hits you.
* * * LOW HITPOINT WARNING * * *
You hit the hobgoblin but do no damage.
The hobgoblin is severely wounded.
The hobgoblin hits you.
* * * LOW HITPOINT WARNING * * *
Aiming: Magic Dart (safe; 13% risk of failure)
Press: ? - help, Q - select action Shift-Dir - straight line, f/p - hobgoblin
Aim: a hobgoblin, wearing a +0 ring mail (severely wounded, 100% to hit)
The magic dart hits the hobgoblin but does no damage.
The hobgoblin is severely wounded.
The hobgoblin hits you.
You die...

###### ##.....###
#........####
#........g@.#
.......#.##.###
..............###
......##........#
..###. #.##.#.#.#
. #. #.##.#.#.#
##.##....#.#.#
.......###.#.#
#.##..###.#.#


You could see a hobgoblin.

Vanquished Creatures
  A giant cockroach (D:1)
  2 jackals (D:1)
  A quokka (D:1)
  A ball python (D:1)
5 creatures vanquished.

Vanquished Creatures (others)
  6 plants (D:1)
6 creatures vanquished.

Grand Total: 11 creatures vanquished

Notes
Turn   | Place    | Note
-------+----------+-------------------------------------------
     0 | D:1      | Thatpatchoflichen the Ogre Hedge Wizard began the quest for
                  | the Orb.
     0 | D:1      | Reached XP level 1. HP: 16/16 MP: 5/5
   199 | D:1      | Reached skill level 1 in Fighting
   425 | D:1      | Slain by a hobgoblin

Illustrated notes

Levels and vault maps discovered:
D:1:      eino_arrival_water_cross, layout_loops_corners,
          hellmonk_ecumenical_altar_defaced_shrine

Skill      XL: |  1 |
---------------+----+-----
Fighting       | 1 |  1.0
Dodging        | 2 |  2.0
Stealth        | |  1.4
Spellcasting   | |  3.8
Conjurations   | |  0.8
Summonings     | |  0.8
Translocations | |  0.8

Action                   || total
-------------------------++-------
Melee: Dagger            ||    52
 Cast: Magic Dart        ||     9
Armor: Robe              ||    16
Dodge: Dodged            ||    30
